Map: Eternal Empire LE

Players

bleu

  • Race: Zerg Zerg
  • League: Diamond
  • Spawn Location: 1:00

A.I. 1 (Very Easy) - Winner!

  • Race: Protoss Protoss
  • Spawn Location: 7:00

VOD

Have the link to the VOD?

Description

Time

  • Played on: March 26, 2020, 2:52 p.m.
  • Length: 7:40
Show
View Real Time Build Order
Export as new Build Order

bleu Zerg 

Build Orders: Hatch First 

Get SALT Encoding   

  12  0:01  Drone  
  13  0:12  Overlord  
  13  0:20  Drone  
  14  0:31  Drone x2  
  16  0:50  Hatchery  
  16  0:55  Drone  
  16  0:57  Drone  
  16  1:02  Drone  
  18  1:12  Extractor  
  18  1:17  Spawning Pool  
  16  1:20  Drone  
  16  1:24  Drone  
  18  1:28  Drone  
  19  1:39  Drone  
  20  1:49  Overlord  
  20  2:04  Queen x2  
  20  2:05  Zergling x4  
  26  2:11  Drone  
  26  2:13  Drone  
  28  2:18  Metabolic Boost  
  28  2:23  Drone  
  28  2:24  Drone  
  30  2:41  Hatchery  
  29  2:48  Drone x2  
  31  2:54  Queen  
  33  2:59  Overlord  
  33  3:01  Drone  
  33  3:04  Drone  
  35  3:06  Drone  
  36  3:13  Pneumatized Carapace  
  36  3:18  Drone x3  
  39  3:20  Drone  
  39  3:24  Overlord  
  40  3:31  Drone x2  
  40  3:34  Queen  
  42  3:38  Overlord  
  44  3:50  Drone x6  
  44  3:51  Drone  
  51  3:56  Queen  
  51  3:58  Drone  
  54  4:05  Drone x4  
  54  4:06  Drone  
  54  4:08  Drone  
  60  4:19  Queen  
  60  4:20  Lair  
  60  4:23  Overlord  
  62  4:24  Overlord  
  62  4:25  Overlord  
  62  4:27  Drone  
  62  4:28  Drone  
  62  4:29  Drone  
  62  4:31  Drone  
  66  4:37  Extractor  
  66  4:38  Extractor  
  64  4:39  Drone x3, Extractor  
  64  4:42  Drone x3  
  69  4:47  Roach Warren  
  69  4:48  Drone x3  
  72  5:07  Zergling x22  
  82  5:19  Overlord  
  82  5:20  Overlord x2  
  82  5:21  Overlord  
  82  5:23  Drone  
  82  5:24  Drone x3  
  86  5:28  Drone  
  86  5:33  Drone  
  88  5:37  Glial Reconstitution  
  88  5:38  Roach x5  
  98  5:58  Roach x6  
  98  5:59  Ravager, Hatchery  
  98  6:00  Ravager x3  
  98  6:01  Zergling x4  
  98  6:02  Zergling x2  
  116  6:11  Roach  
  116  6:12  Roach x2  
  116  6:14  Overlord x3  
  116  6:15  Overlord x2  
  116  6:16  Overlord x2  
  121  6:25  Overlord x2  
  121  6:32  Roach x5  
  131  6:40  Roach x5  
  131  6:41  Roach  
  131  6:42  Roach x2  
  147  6:48  Roach x2  
  151  7:00  Roach  
  151  7:01  Roach x5  
  163  7:03  Roach x4  
  171  7:10  Roach  
  171  7:11  Roach x2  
  171  7:12  Drone  
  171  7:13  Drone x2  
  182  7:18  Roach  
  182  7:21  Roach x2  
  184  7:28  Drone x4  
  188  7:33  Ravager x2  
Show
View Real Time Build Order
Export as new Build Order

A.I. 1 (Very Easy) Protoss - Winner!

Build Orders:  

Get SALT Encoding   

  12  0:00  Probe  
  13  0:13  Probe  
  14  0:20  Pylon  
  14  0:36  Assimilator  
  14  0:42  Gateway  
  14  0:46  Pylon  
  14  1:14  Assimilator  
  14  1:17  Probe  
  14  1:25  Probe  
  16  1:33  Cybernetics Core, Probe  
  17  1:44  Probe  
  18  1:55  Probe  
  18  1:59  Warp Gate  
  19  2:04  Probe  
  20  2:11  Stalker  
  22  5:30  Zealot  
  22  5:32  Probe, Pylon  
  22  5:35  Robotics Facility  
  25  5:40  Probe  
  25  5:48  Probe  
  26  5:58  Probe  
  27  6:10  Probe  
  28  6:17  Pylon  
  26  6:21  Zealot  
  26  6:22  Observer, Probe  
  30  6:34  Probe  
  31  6:44  Observer  
  31  7:10  Nexus  
  31  7:13  Stalker  
  33  7:40  Pylon  
Tags
 
Add a new tag
Caveats
  • Supply blocks, unpowered buildings, or Contaminate may cause inaccurate times.
  • Supply counts are checked every 10 seconds.